 Dungeon Crawl Stone Soup version 0.23-a0-359-g9beedce (webtiles) character file.

6885 lemonriz the Carver (level 10, -13/91 HPs)
             Began as a Minotaur Fighter on Oct 23, 2018.
             Was a Priest of Okawaru.
             Killed from afar by an orc (18 damage)
             ... with a wand of acid (5)
             ... on level 10 of the Dungeon.
             The game lasted 00:13:59 (8346 turns).

lemonriz the Carver (Minotaur Fighter)              Turns: 8346, Time: 00:13:59

Health: -13/91     AC: 15    Str: 23    XL:     10   Next: 79%
Magic:  11/11      EV:  6    Int:  5    God:    Okawaru [***...]
Gold:   778        SH: 13    Dex: 11    Spells: 9/9 levels left

rFire    . . .     SeeInvis .   a - +0 long sword
rCold    . . .     Gourm    .   c - +1 shield
rNeg     . . .     Faith    .   u - +0 plate armour
rPois    +         Spirit   .   (helmet restricted)
rElec    .         Reflect  .   s - +2 cloak {rPois}
rCorr    .         Harm     .   m - +0 pair of gloves
MR       .....                  (no boots)
Stlth    ..........             (no amulet)
HPRegen  0.25/turn              A - ring of wizardry
MPRegen  0.12/turn              (no ring)

@: corroded, slowed, very slow
A: retaliatory headbutt, horns 2
a: Heroism, Renounce Religion


You were on level 10 of the Dungeon.
You worshipped Okawaru.
Okawaru was most pleased with you.
You were not hungry.

You visited 2 branches of the dungeon, and saw 11 of its levels.
You also visited: Sewer.

You collected 778 gold pieces.

Inventory:

Hand Weapons
 a - a +0 long sword (weapon)
 b - a +1 short sword of venom
Armour
 c - a +1 shield (worn)
 m - a +0 pair of gloves (worn)
 s - a +2 cloak of poison resistance (worn)
 u - a +0 plate armour (worn)
Jewellery
 A - a ring of wizardry (left hand)
 E - a +2 ring of evasion {unknown}
Wands
 j - a wand of digging (13)
 y - a wand of enslavement (6)
 I - a wand of iceblast (4)
 J - a wand of flame (30)
Scrolls
 l - a scroll of enchant armour
 n - 3 scrolls of fog
 p - 5 scrolls of teleportation
 q - a scroll of magic mapping
 r - a scroll of remove curse {unknown}
 t - a scroll of immolation {unknown}
 v - 4 scrolls of enchant weapon
 B - 2 scrolls of identify
 D - 2 scrolls of blinking {unknown}
 G - a scroll of noise {unknown}
 H - a scroll of silence {unknown}
Potions
 d - 4 potions of might
 e - 4 potions of haste
 g - 5 potions of heal wounds
 h - 5 potions of lignification
 i - 3 potions of flight
 k - 3 potions of brilliance
 o - 7 potions of curing
 w - a potion of agility
 x - 2 potions of cancellation
 z - a potion of berserk rage
 C - a potion of mutation
 F - a potion of magic {unknown}
Comestibles
 f - 28 rations
 K - 2 chunks of flesh


   Skills:
 + Level 9.4 Fighting
 * Level 12.2 Long Blades
 + Level 9.5 Armour
 + Level 9.4 Shields
 - Level 3.0 Invocations


You had 9 spell levels left.
You didn't know any spells.
Your spell library contained the following spells:

 Spells                   Type           Power        Failure   Level  Hunger
 Animate Skeleton         Necr           N/A          99%         1    ##.....
 Beastly Appendage        Tmut           #.....       99%         1    ##.....
 Confusing Touch          Hex            #.....       99%         1    ##.....
 Pain                     Necr           #...         99%         1    ##.....
 Sticks to Snakes         Tmut           #.......     100%        2    ###....
 Confuse                  Hex            #.......     100%        3    ####...
 Gell's Gravitas          Tloc           #.........   100%        3    ####...
 Regeneration             Chrm/Necr      #.........   100%        3    ####...
 Spider Form              Tmut/Pois      #.........   100%        3    ####...
 Vampiric Draining        Necr           #.........   100%        3    ####...
 Animate Dead             Necr           N/A          100%        4    #####..
 Ice Form                 Ice/Tmut       #.......     100%        4    #####..
 Petrify                  Tmut/Erth      #.......     100%        4    #####..
 Blade Hands              Tmut           #.........   100%        5    ######.
 Metabolic Englaciation   Hex/Ice        #.........   100%        5    ######.
 Yara's Violent Unravell  Hex/Tmut       #.........   100%        5    ######.


Dungeon Overview and Level Annotations

Branches:
Dungeon (10/15)            Temple (1/1) D:7            Lair (0/6) D:9
    Orc: D:9-12

Altars:
Ashenzari
Cheibriados
Dithmenos
Elyvilon
Fedhas
Gozag
Hepliaklqana
Kikubaaqudgha
Makhleb
Nemelex Xobeh
Okawaru
Qazlal
Ru
Sif Muna
Trog
Uskayaw
Vehumet
Wu Jian
Xom
Yredelemnul
Zin
The Shining One

Annotations:
D:3 1 runed door, TheNamelessOne's ghost, amateur OgHu


Innate Abilities, Weirdness & Mutations

You reflexively headbutt those who attack you in melee.
You have a pair of horns on your head.


Message History

You hit the wraith but do no damage. You headbutt the wraith.
The wraith is almost destroyed.
You block the orc's attack. The wraith hits you but does no damage.
You block the orc's attack.
You slash the wraith!
You destroy the wraith!
Okawaru accepts your kill. You block the orc's attack.
The centaur wields a +0 shortbow.
The centaur shoots an arrow.
You block the arrow.
The orc zaps a wand.
The bolt of acid hits you!
* * * LOW HITPOINT WARNING * * *
You are splashed with acid!
The acid burns!
* * * LOW HITPOINT WARNING * * *
You see here an arrow.
The centaur shoots an arrow.
You block the arrow.
The centaur shoots an arrow.
The arrow barely misses you.
You see here an arrow.
The centaur shoots an arrow.
You block the arrow.
The orc zaps a wand.
The bolt of acid hits you!
You die...

......##..........# .#
..................# ..###
##..........##....# .....
#..........##....# ......
#...###....##....###......
##...# #....##.........#
.....# #............c..#
.....# #.........((oo..#
...[.# #........@####..#
##...# #...###(..####..#
##...###...# #........o#
...........###..........
.รท.......................
..................###...##
###..####.........# ..
#..# #..####...# . #..#
#..# #...#


You could see a centaur and 2 orcs.

Vanquished Creatures
  Joseph (D:8)
  A troll (D:9)
  A hornet (D:8)
  Prince Ribbit (D:5)
  A hippogriff (D:8)
  A wraith (D:10)
  2 wyverns
  A basilisk (D:9)
  2 steam dragons
  Edmund (D:6)
  2 insubstantial wisps (D:7)
  A water moccasin (D:8)
  A phantom (D:6)
  3 orc warriors
  A necrophage (D:6)
  An ice beast (D:8)
  6 sky beasts
  4 ogres
  5 centaurs
  3 crocodiles
  A big kobold (Sewer)
  6 bullfrogs
  A wyvern zombie (D:10)
  4 wights (D:9)
  An electric eel (D:8)
  7 crimson imps
  A bullfrog zombie (D:6)
  A centaur zombie (D:8)
  A lava snake (D:10)
  3 hounds
  Crazy Yiuf (D:3)
  3 orc priests
  10 orc wizards
  2 centaur skeletons
  2 iguanas
  6 worker ants
  A hound zombie (D:5)
  18 adders
  A howler monkey skeleton (D:9)
  4 shadow imps
  An ooze (D:2)
  6 worms
  A dart slug (D:2)
  7 leopard geckos
  20 orcs
  3 ball pythons
  7 giant cockroaches
  7 goblins
  14 hobgoblins
  A jackal (Sewer)
  9 kobolds
  7 quokkas
  5 bats
  5 frilled lizards
  A jackal skeleton (D:8)
  A leopard gecko skeleton (D:8)
  14 rats
222 creatures vanquished.

Notes
Turn   | Place    | Note
-------+----------+-------------------------------------------
     0 | D:1      | lemonriz the Minotaur Fighter began the quest for the Orb.
     0 | D:1      | Reached XP level 1. HP: 19/19 MP: 0/0
   166 | D:1      | Reached XP level 2. HP: 20/27 MP: 1/1
   286 | D:1      | Reached skill level 3 in Long Blades
   753 | D:2      | Reached XP level 3. HP: 32/33 MP: 2/2
   801 | D:2      | Found a bloodstained altar of Trog.
  1357 | D:2      | Reached XP level 4. HP: 40/40 MP: 3/3
  1548 | D:3      | Found a shimmering altar of Xom.
  1585 | D:3      | Reached skill level 4 in Long Blades
  1587 | D:3      | Noticed a centaur
  1598 | D:3      | Killed a centaur
  1598 | D:3      | Reached XP level 5. HP: 22/47 MP: 4/4
  1937 | D:3      | Reached skill level 5 in Long Blades
  2135 | D:3      | Found a runed door.
  2139 | D:3      | Noticed Crazy Yiuf
  2149 | D:3      | Killed Crazy Yiuf
  2149 | D:3      | Reached XP level 6. HP: 48/55 MP: 5/5
  2211 | D:3      | Found a runed door.
  2211 | D:3      | Noticed TheNamelessOne's ghost (amateur OgHu)
  2228 | D:3      | Found a sacrificial altar of Ru.
  2503 | D:4      | Found a glowing drain.
  2528 | Sewer    | Entered a sewer
  2622 | Sewer    | Reached skill level 5 in Fighting
  2622 | Sewer    | Reached skill level 5 in Armour
  2622 | Sewer    | Reached skill level 5 in Shields
  2651 | Sewer    | Found a glowing silver altar of Zin.
  2931 | D:4      | Reached skill level 6 in Long Blades
  3339 | D:4      | Reached XP level 7. HP: 61/61 MP: 6/6
  3367 | D:5      | Entered Level 5 of the Dungeon
  3784 | D:5      | Found a snail-covered altar of Cheibriados.
  3994 | D:6      | Noticed Prince Ribbit
  4016 | D:5      | Killed Prince Ribbit
  4016 | D:5      | Reached skill level 7 in Long Blades
  4016 | D:5      | Reached XP level 8. HP: 39/70 MP: 7/7
  4205 | D:6      | Noticed Edmund
  4225 | D:6      | Killed Edmund
  4268 | D:6      | Found a sparkling altar of Nemelex Xobeh.
  4268 | D:6      | Found a stormy altar of Qazlal.
  4273 | D:6      | Found a shadowy altar of Dithmenos.
  4275 | D:6      | Found a shattered altar of Ashenzari.
  4277 | D:6      | Found a basalt altar of Yredelemnul.
  4316 | D:6      | Reached skill level 8 in Long Blades
  4559 | D:6      | Reached skill level 9 in Long Blades
  4675 | D:7      | Found a staircase to the Ecumenical Temple.
  4722 | D:7      | Reached XP level 9. HP: 79/79 MP: 8/8
  4794 | Temple   | Entered the Ecumenical Temple
  4799 | Temple   | Became a worshipper of Warmaster Okawaru
  5255 | D:7      | Reached skill level 10 in Long Blades
  5851 | D:8      | Reached * piety under Okawaru
  6028 | D:8      | Found a hide-covered altar of Uskayaw.
  6227 | D:8      | Noticed Joseph
  6242 | D:8      | Killed Joseph
  6242 | D:8      | Reached skill level 1 in Invocations
  6260 | D:8      | Reached ** piety under Okawaru
  6260 | D:8      | Reached skill level 11 in Long Blades
  6260 | D:8      | Reached XP level 10. HP: 31/90 MP: 9/9
  6979 | D:9      | Found a shadowy altar of Dithmenos.
  7287 | D:9      | Reached *** piety under Okawaru
  7299 | D:9      | Found a staircase to the Lair.
  7964 | D:10     | Entered Level 10 of the Dungeon
  8073 | D:10     | Reached skill level 12 in Long Blades
  8230 | D:10     | Received a gift from Okawaru
  8344 | D:10     | HP: 4/91 [acid (11)]
  8346 | D:10     | Killed from afar by an orc

Vault maps used:
D:1:      denvon_arrival_hothouse
D:2:      bloody_trog, first_ration, minmay_misc_feat_doors
D:3:      xom_teletrap_fun, gammafunk_ghost_grave, nicolae_ru_awakened_eye,
          uniq_crazy_yiuf_cottage
D:4:      gup_sewer_entry_bubbles, chequers_jeans, grunt_ministairs_9,
          corexii_corridor_pit, minmay_bisected
D:5:      overflow_temple_1_default
D:6:      chequers_temple_overflow_minitemple, uniq_edmund, uniq_prince_ribbit1
D:7:      minmay_temple_entry_overgrown, hangedman_misty_isle
D:8:      eat_drink_and_be_merry_uskayaw, uniq_joseph
D:9:      erik_lair_dragon, nicolae_dithmenos_the_darkroom
D:10:     blue_anna_alchemist, kennysheep_generic_room_5
Temple:   cyrus_circular_temple
Sewer:    sewer_kobolds

Skill      XL: |  1  2  3  4  5  6  7  8  9 10 |
---------------+-------------------------------+-----
Long Blades    | 3 4 5 6 7 9 11 12 | 12.2
Fighting       | 4 5 6 7 8 9 |  9.4
Armour         | 4 5 6 7 8 9 |  9.5
Shields        | 4 5 6 7 8 9 |  9.4
Invocations    | 1 3 |  3.0

Action                   |  1- 3 |  4- 6 |  7- 9 | 10-12 || total
-------------------------+-------+-------+-------+-------++-------
Melee: Long sword        |    18 |       |    34 |    37 ||    89
       Headbutt          |    15 |    29 |    71 |    68 ||   183
       Short sword       |    73 |   161 |   319 |   282 ||   835
       Dagger            |     5 |       |       |       ||     5
  Use: Scroll            |     8 |     2 |     9 |       ||    19
       Potion            |       |       |     1 |       ||     1
  Eat: Chunk             |     1 |     7 |    10 |     7 ||    25
Armor: Scale mail        |    31 |    30 |       |       ||    61
       Plate armour      |       |    37 |   148 |   111 ||   296
Dodge: Dodged            |    24 |    29 |    48 |    38 ||   139
Block: Shield            |    42 |    65 |   159 |   154 ||   420
       Rpst.: Long sword |       |       |       |     1 ||     1

Table legend:
 A = Non-vault XP
 B = Vault XP
 C = Vault XP percentage of total XP
 D = Non-vault monster count
 E = Vault monster count
 F = Vault count percentage of total count
                 A         B        C        D         E       F
            +---------+---------+-------+---------+---------+-------
      Total |    6742 |    3094 |  31.5 |     185 |      37 |  16.7
            +---------+---------+-------+---------+---------+-------
        D:1 |      35 |       0 |   0.0 |      19 |       0 |   0.0
        D:2 |      70 |       0 |   0.0 |      25 |       0 |   0.0
        D:3 |     241 |      41 |  14.5 |      23 |       1 |   4.2
        D:4 |      76 |     162 |  68.1 |       6 |      10 |  62.5
        D:5 |     418 |     277 |  39.9 |      13 |       1 |   7.1
        D:6 |    1143 |     164 |  12.5 |      19 |       1 |   5.0
        D:7 |     360 |     911 |  71.7 |      13 |       6 |  31.6
        D:8 |    1825 |     466 |  20.3 |      30 |       1 |   3.2
        D:9 |    1151 |     806 |  41.2 |      19 |       5 |  20.8
       D:10 |    1423 |     155 |   9.8 |      18 |       2 |  10.0
      Sewer |       0 |     112 | 100.0 |       0 |      10 | 100.0
            +---------+---------+-------+---------+---------+-------
